 Dungeon Crawl Stone Soup version 0.30-a0-341-g682706514a (webtiles) character file.

Game seed: 12169584572924729939

4763 Angani the Basher (level 10, -9/69 HPs)
             Began as a Red Draconian Hedge Wizard on Nov 1, 2022.
             Was a High Priest of Okawaru.
             Mangled by a two-headed ogre
             ... wielding a +0 giant club
              (21 damage)
             ... on level 8 of the Dungeon.
             The game lasted 00:20:26 (8697 turns).

Angani the Basher (Red Draconian Hedge Wizard)      Turns: 8697, Time: 00:20:27

Health: -9/69      AC:  9    Str: 12    XL:     10   Next: 23%
Magic:  15/18      EV: 12    Int: 19    God:    Okawaru [*****.]
Gold:   468        SH:  0    Dex: 11    Spells: 8/19 levels left

rFire   + . .      SeeInvis +    m - +6 shillelagh "Devastator" {shatter}
rCold   . . .      Faith    .    (no shield)
rNeg    . . .      Spirit   .    (body armour unavailable)
rPois   +          Reflect  .    b - +0 hat
rElec   .          Harm     .    u - scarf {shadows}
rCorr   .          Rampage  .    (no gloves)
Will    .....                    F - +1 pair of boots
Stlth   ++........               (no amulet)
HPRegen 0.31/turn                g - ring of see invisible
MPRegen 0.16/turn                B - ring of poison resistance

@: short of breath
A: breathe fire, AC +7, unfitting armour, fire resistance 1, cold-blooded
a: Breathe Fire, Renounce Religion, Heroism, Finesse, Duel


You were on level 8 of the Dungeon.
You worshipped Okawaru.
Okawaru was extremely pleased with you.
You visited 1 branch of the dungeon, and saw 8 of its levels.

You collected 468 gold pieces.

Inventory:

Hand Weapons
 m - the +6 shillelagh "Devastator" (weapon) {shatter}
   (You found it on level 2 of the Dungeon)

   It releases a powerful concussive burst when it strikes, dealing extra damage
   to the target and all other foes adjacent to them.
 w - the +10 war axe of Zaviv {flame, Str+9}
   (You found it on level 3 of the Dungeon)

   It burns those it strikes, dealing additional fire damage.
   Big, fiery blades are also staple armaments of hydra-hunters.
   Str:       It affects your strength (+9).
Armour
 b - a +0 hat (worn)
 u - a scarf of shadows (worn)
 F - a +1 pair of boots (worn)
Magical Staves
 d - a staff of cold
 x - a staff of death
Jewellery
 g - a ring of see invisible (left hand)
 r - the ring of Naaroargh {rF+ rN+ MP-9 Dex+3}
   (You found it on level 2 of the Dungeon)

   [ring of protection from fire]

   Dex:       It affects your dexterity (+3).
   rF:        It protects you from fire.
   rN:        It protects you from negative energy.
   MP:        It affects your magic capacity (-9).
 B - a ring of poison resistance (right hand)
Wands
 q - a wand of paralysis (7)
 G - a wand of iceblast (7)
Scrolls
 a - 2 scrolls of teleportation {unknown}
 f - 2 scrolls of fog {unknown}
 j - a scroll of fear {unknown}
 l - a scroll of enchant weapon
 n - 2 scrolls of magic mapping {unknown}
 p - 2 scrolls of amnesia {unknown}
 s - a scroll of vulnerability {unknown}
 y - a scroll of poison {unknown}
 z - a scroll of immolation {unknown}
 C - a scroll of torment {unknown}
 D - a scroll of noise {unknown}
 E - a scroll of brand weapon {unknown}
 H - a scroll of blinking
Potions
 c - a potion of magic
 e - a potion of cancellation
 h - 8 potions of curing
 i - a potion of invisibility {unknown}
 k - 2 potions of mutation
 o - 2 potions of heal wounds
 t - 3 potions of lignification
 v - 3 potions of haste
 A - 3 potions of resistance


   Skills:
 + Level 8.0 Maces & Flails
 - Level 1.7 Dodging
 - Level 1.7 Stealth
 - Level 5.4 Spellcasting
 - Level 7.0 Conjurations
 - Level 1.0 Summonings
 + Level 6.7 Translocations
 + Level 6.5 Air Magic


You had 8 spell levels left.
You knew the following spells:

 Your Spells              Type           Power      Damage    Failure   Level
a - Magic Dart            Conj           100%       1d8       1%          1
b - Vhi's Electric Charg  Tloc/Air       60%        N/A       2%          3
c - Swiftness             Air            29%        N/A       2%          3
d - Airstrike             Air            14%        2d(3-19)  9%          4

Your spell library contained the following spells:

 Spells                   Type           Power      Damage    Failure   Level
 Shock                    Conj/Air       100%       1d9       1%          1
 Blink                    Tloc           60%        N/A       1%          2
 Momentum Strike          Conj/Tloc      62%        3d9       1%          2
 Searing Ray              Conj           62%        2d6       1%          2
 Lesser Beckoning         Tloc           60%        N/A       2%          3
 Mephitic Cloud           Conj/Pois/Air  22%        N/A       5%          3
 Cigotuvi's Dreadful Rot  Necr/Pois/Air  26%        N/A       8%          2
 Slow                     Hex            20%        N/A       12%         1
 Sublimation of Blood     Necr           5%         N/A       19%         2
 Wereblood                Tmut           5%         N/A       19%         2
 Arcjolt                  Conj/Air       15%        1d25      21%         5
 Fulminant Prism          Conj/Hex       9%         3d6       28%         4
 Maxwell's Capacitive Co  Air            14%        ∞         100%        8
 Call Imp                 Summ           Unusable   N/A       N/A         2
 Summon Hydra             Summ           Unusable   N/A       N/A         7

Dungeon Overview and Level Annotations

Branches:
Dungeon (8/15)             Temple (0/1) D:4
   Lair: D:8-11

Altars:
Ashenzari
Gozag
Hepliaklqana
Kikubaaqudgha
Okawaru
Qazlal
Ru
The Shining One

Shops:
D:6 (


Innate Abilities, Weirdness & Mutations

You can breathe blasts of fire.
Your fiery red scales are hard. (AC +7)
You cannot fit into any form of body armour.
Your flesh is heat resistant. (rF+)
You are cold-blooded and may be slowed by cold attacks.


Message History

Unknown command.
Unknown command.
As you read the scroll of identify, it crumbles to dust.
k - 2 potions of mutation You now have 454 gold pieces (gained 11).
You now have 468 gold pieces (gained 14).
G - a wand of iceblast (7);
h - 8 potions of curing (gained 1)
Things that are here:
a +3 shortbow of freezing; a centaur corpse A two-headed ogre comes into view.
It is wielding a +0 giant club and a +0 giant spiked club.
Found a stone staircase leading down.
The two-headed ogre shouts in stereo!
Casting: Vhi's Electric Charge (dangerous; 2% risk of failure)
Confirm with . or Enter, or press ? or * to list all spells.
You can't see any susceptible monsters within range! (Use Z to cast anyway.)
Casting: Vhi's Electric Charge (dangerous; 2% risk of failure)
Confirm with . or Enter, or press ? or * to list all spells.
Charge where?
Press: ? - help, Dir - move target, f - two-headed ogre
Aim: a two-headed ogre, wielding a +0 giant club and a +0 giant spiked club You charge forward with an electric crackle!
You hit the two-headed ogre and electrocute it.
The two-headed ogre shudders.
The two-headed ogre is moderately wounded. x2
The two-headed ogre hits you with a +0 giant club.
The two-headed ogre hits you with a +0 giant spiked club!!
Aiming: Breathe Fire (3% risk of failure)
Press: ? - help, Shift-Dir - straight line, f/p - two-headed ogre
Aim: a two-headed ogre, wielding a +0 giant club and a +0 giant spiked club (moderately wounded, 85% to hit)
You breathe a blast of fire.
The fiery breath hits the two-headed ogre!
The two-headed ogre is heavily wounded.
Unknown command.
You hit the two-headed ogre.
The two-headed ogre shudders.
The two-headed ogre is severely wounded. x2
The two-headed ogre is engulfed in blazing flames.
The two-headed ogre hits you with a +0 giant club!!
* * * LOW HITPOINT WARNING * * *
The two-headed ogre hits you with a +0 giant spiked club!!
You die...

#.#
#..#
#..#
#.>#
#..##
#O.##
#.@.##
##○..#
##..#
#○.#
#..#
#..#
..
##..#
#.
#...#
#.
##...#
#.


You could see a two-headed ogre.

Vanquished Creatures
  A cyclops (D:8)
  Prince Ribbit (D:8)
  Sigmund (D:6)
  Eustachio (D:5)
  A wraith (D:6)
  A steam dragon (D:7)
  Duvessa (D:5)
  A water moccasin (D:7)
  2 black bears
  An ice beast (D:8)
  3 orc warriors
  An ogre (D:5)
  3 centaurs
  Blork the orc (D:6)
  2 kobold brigands
  8 necrophages
  3 bullfrogs
  3 scorpions
  5 wights
  Dowan (D:5)
  4 howler monkeys (D:8)
  A bullfrog zombie (D:4)
  3 hounds
  An orc priest (D:8)
  7 jellies
  2 gnoll boudas
  A human zombie (D:4)
  2 iguanas
  8 orc wizards
  A howler monkey zombie (D:4)
  3 mummies (D:4)
  14 gnolls
  6 adders
  2 shadow imps
  2 white imps
  2 ufetubi
  2 adder zombies (D:4)
  A worm (D:4)
  3 dart slugs
  16 orcs
  5 endoplasms
  3 giant cockroaches
  7 goblins
  2 hobgoblins
  6 jackals
  A quokka (D:1)
  6 ball pythons
  8 bats
  2 frilled lizards
  A jackal zombie (D:4)
  17 kobolds
  8 rats
188 creatures vanquished.

Vanquished Creatures (others)
  5 plants (D:4)
5 creatures vanquished.

Grand Total: 193 creatures vanquished

Notes
Turn   | Place    | Note
-------+----------+-------------------------------------------
     0 | D:1      | Angani the Draconian Hedge Wizard began the quest for the
                  | Orb.
     0 | D:1      | Reached XP level 1. HP: 14/14 MP: 4/4
   305 | D:1      | Reached XP level 2. HP: 20/20 MP: 1/6
   711 | D:2      | Found the +6 shillelagh "Devastator" {shatter}
   836 | D:2      | Reached XP level 3. HP: 26/26 MP: 2/7
   889 | D:2      | Found a faded altar of an unknown god.
   896 | D:2      | Prayed at the altar of an unknown god.
   896 | D:2      | Became a worshipper of Warmaster Okawaru
   896 | D:2      | Reached * piety under Okawaru
  1432 | D:2      | Identified the ring of Naaroargh {rF+ rN+ MP-9 Dex+3}
  2171 | D:3      | Noticed a black bear
  2221 | D:3      | Killed a black bear
  2222 | D:3      | Reached skill level 1 in Maces & Flails
  2222 | D:3      | Reached XP level 4. HP: 33/33 MP: 3/9
  2222 | D:3      | Reached XP level 5. HP: 38/38 MP: 3/10
  2469 | D:3      | Identified the +10 war axe of Zaviv {flame, Str+9}
  3138 | D:4      | Found a broken altar of Ashenzari.
  3198 | D:4      | Reached skill level 2 in Maces & Flails
  3430 | D:4      | Found a sacrificial altar of Ru.
  3441 | D:4      | Reached XP level 6. HP: 45/45 MP: 8/12
  3546 | D:4      | Found a staircase to the Ecumenical Temple.
  3995 | D:4      | Reached skill level 5 in Conjurations
  4000 | D:4      | Reached ** piety under Okawaru
  4014 | D:4      | Reached skill level 3 in Maces & Flails
  4014 | D:4      | Your scales start taking on a fiery red colour.
  4014 | D:4      | Reached XP level 7. HP: 48/50 MP: 13/13
  4014 | D:4      | Gained mutation: Your flesh is heat resistant. (rF+) [Red
                  | Draconian growth]
  4024 | D:4      | Found an ancient bone altar of Kikubaaqudgha.
  4047 | D:4      | Learned a level 3 spell: Vhi's Electric Charge
  4051 | D:4      | Learned a level 3 spell: Swiftness
  4056 | D:4      | Learned a level 4 spell: Airstrike
  4530 | D:5      | Entered Level 5 of the Dungeon
  4530 | D:5      | Noticed Duvessa
  4530 | D:5      | Noticed Dowan
  4638 | D:5      | Reached skill level 5 in Spellcasting
  4745 | D:5      | Reached *** piety under Okawaru
  4925 | D:5      | Reached skill level 4 in Maces & Flails
  4972 | D:5      | Killed Duvessa
  4973 | D:5      | Reached XP level 8. HP: 47/57 MP: 13/15
  4979 | D:5      | Killed Dowan
  5206 | D:5      | Found a stormy altar of Qazlal.
  5669 | D:6      | Reached skill level 1 in Air Magic
  5902 | D:6      | Reached skill level 5 in Maces & Flails
  5905 | D:6      | Noticed Eustachio
  6061 | D:5      | Reached **** piety under Okawaru
  6364 | D:5      | Killed Eustachio
  6365 | D:5      | Reached XP level 9. HP: 62/62 MP: 15/17
  6399 | D:5      | Reached skill level 6 in Maces & Flails
  6583 | D:6      | Noticed Blork the orc
  6588 | D:6      | Killed Blork the orc
  6878 | D:6      | Found a glowing golden altar of the Shining One.
  6923 | D:6      | Noticed Sigmund
  6932 | D:6      | Killed Sigmund
  6932 | D:6      | Reached ***** piety under Okawaru
  6933 | D:6      | Reached skill level 5 in Translocations
  6984 | D:6      | Reached skill level 5 in Air Magic
  7009 | D:6      | Found an opulent altar of Gozag.
  7171 | D:6      | Found Jur Hyu's Weapon Emporium.
  7557 | D:7      | Reached skill level 7 in Maces & Flails
  7945 | D:7      | Received a gift from Okawaru
  8333 | D:8      | Reached XP level 10. HP: 69/69 MP: 14/18
  8393 | D:8      | Noticed Prince Ribbit
  8398 | D:8      | Killed Prince Ribbit
  8463 | D:8      | Found a hazy altar of Hepliaklqana.
  8547 | D:8      | Noticed a cyclops
  8552 | D:8      | Killed a cyclops
  8553 | D:8      | Reached skill level 8 in Maces & Flails
  8693 | D:8      | Noticed a two-headed ogre
  8697 | D:8      | Mangled by a two-headed ogre

Illustrated notes

Levels and vault maps discovered:
D:1:      wander_arrival_peaceful_grave, layout_rooms
D:2:      layout_basic, ebering_ecumenical_altar_hall, minmay_divided_ellipse
D:3:      layout_loops_ring, chequers_serial_rivers_micro_b
D:4:      layout_loops_corners, lemuel_crystal_altar, evilmike_ruin_ashenzari,
          lemuel_mausoleum_altar_kikubaaqudgha, minmay_temple_entry_wispy,
          serial_forest, infiniplex_forest_split, infiniplex_forest_diagonal,
          infiniplex_forest_clump_double, infiniplex_forest_lined_corner,
          infiniplex_forest_zigzag_1, infiniplex_forest_diagonal,
          infiniplex_forest_straight_4, infiniplex_forest_lined_2,
          infiniplex_forest_lined_4_way, infiniplex_forest_end_3
D:5:      layout_loops_ring, mainiacjoe_overflow_brackets, uniq_duvessa
D:6:      layout_loops_ring, marbit_many_paths, mainiacjoe_overflow_paths,
          kennysheep_windowed_goal, uniq_blork_the_orc, uniq_sigmund,
          uniq_eustachio
D:7:      layout_loops_ring
D:8:      layout_layer_cave, lemuel_crystal_altar, uniq_prince_ribbit1

Skill      XL: |  1  2  3  4  5  6  7  8  9 10 |
---------------+-------------------------------+-----
Conjurations   | 2 3 4 5 6 7 |  7.0
Maces & Flails | 1 2 3 4 5 7 8 |  8.0
Spellcasting   | 4 5 |  5.4
Air Magic      | 3 6 |  6.5
Translocations | 3 6 |  6.7
Dodging        | |  1.7
Stealth        | |  1.7
Summonings     | |  1.0

Action                   |  1- 3 |  4- 6 |  7- 9 | 10-12 || total
-------------------------+-------+-------+-------+-------++-------
Melee: Dagger            |    30 |       |       |       ||    30
       Punch             |     1 |       |       |       ||     1
       Tailslap          |     5 |     5 |    17 |     1 ||    28
       Shillelagh        |    30 |    29 |   129 |    22 ||   210
 Cast: Magic Dart        |    40 |    47 |    92 |       ||   179
       Vhi's Electric Ch |       |       |     1 |     9 ||    10
Invok: Heroism           |     2 |       |       |       ||     2
 Abil: Breathe Fire      |       |       |    21 |     3 ||    24
  Use: Potion            |     2 |       |       |       ||     2
       Scroll            |       |     2 |     6 |     1 ||     9
 Stab: Sleeping          |     1 |     2 |     3 |       ||     6
Armor: Skin              |    42 |     8 |    38 |     3 ||    91
Dodge: Dodged            |    65 |     9 |    77 |     8 ||   159

Table legend: (Time is in decaauts)
 A = Elapsed time spent in this place.
 B = Non-inter-level travel time spent in this place.
 C = Inter-level travel time spent in this place.
 D = Time resting spent in this place.
 E = Time spent auto-exploring this place.
 F = Levels seen in this place.
 G = Mean time per level.
                   A        B        C        D        E       F      G
               +--------+--------+--------+--------+--------+-----+--------+
         Total |   8742 |   8517 |    225 |   1628 |   5739 |   8 | 1092.8 |
       Dungeon |   8742 |   8517 |    225 |   1628 |   5739 |   8 | 1092.8 |
               +--------+--------+--------+--------+--------+-----+--------+

Top non-repeatable levels by time:
     D:5: 1776 daAuts
     D:2: 1458 daAuts
     D:4: 1426 daAuts
     D:3: 1083 daAuts
     D:6: 1067 daAuts
     D:7: 911 daAuts
     D:1: 614 daAuts
     D:8: 403 daAuts
